Map: 赛博森林-天梯版

Players

DnS - Winner!

  • Race: Protoss Protoss

SortOf

  • Race: Zerg Zerg

Event: WESG 2018 Grand Finals

VOD

Have the link to the VOD?

Description

Time

  • Played on: March 13, 2019, 5:11 a.m.
  • Length: 8:51

All games in this series

Show
View Real Time Build Order
Export as new Build Order

DnS Protoss - Winner!

Build Orders: 1 Gate Expand, Archon Immortal, Archon Drop, Dark Templar Rush 

Get SALT Encoding   

  12  0:00  Probe  
  13  0:12  Probe  
  14  0:19  Pylon  
  14  0:24  Probe  
  15  0:33  Probe  
  15  0:40  Gateway  
  15  0:41  Probe  
  16  0:46  Assimilator  
  17  0:51  Probe  
  18  1:03  Probe  
  19  1:15  Probe  
  20  1:23  Nexus  
  20  1:34  Cybernetics Core  
  20  1:36  Probe  
  21  1:45  Assimilator  
  21  1:48  Probe  
  21  1:53  Pylon  
  22  2:00  Probe  
  22  2:01  Adept  
  23  2:08  Probe  
  23  2:12  Warp Gate  
  26  2:16  Twilight Council, Probe  
  27  2:28  Probe  
  28  2:32  Probe  
  28  2:33  Stalker  
  31  2:40  Probe x2  
  33  2:50  Probe  
  33  2:52  Probe  
  33  2:57  Robotics Facility  
  35  3:02  Probe  
  36  3:08  Probe  
  36  3:11  Gateway  
  36  3:12  Sentry  
  39  3:15  Probe  
  40  3:20  Probe  
  40  3:22  Gateway  
  41  3:27  Probe  
  41  3:33  Probe  
  43  3:35  Pylon  
  43  3:39  Probe  
  44  3:43  Dark Shrine  
  44  3:44  Gateway  
  44  3:45  Probe  
  45  3:51  Probe  
  45  3:55  Warp Prism  
  48  3:57  Probe  
  49  4:03  Probe  
  49  4:09  Probe  
  51  4:13  Assimilator  
  51  4:14  Adept x2  
  51  4:15  Probe, Assimilator  
  51  4:16  Pylon  
  54  4:28  Pylon  
  54  4:31  Pylon  
  54  4:34  Probe  
  55  4:47  Probe x2  
  55  4:50  Nexus  
  55  4:56  Dark Templar x2  
  55  4:57  Dark Templar  
  55  4:58  Dark Templar  
  61  5:03  Pylon  
  61  5:12  Observer  
  61  5:13  Probe x2  
  64  5:25  Immortal  
  64  5:26  Probe  
  65  5:30  Forge  
  65  5:31  Charge  
  69  5:39  Archon x2  
  69  5:41  Probe  
  70  5:43  Dark Templar  
  70  5:45  Probe  
  70  5:49  Gateway  
  73  5:50  Gateway  
  73  5:51  Immortal  
  73  5:55  Gateway  
  73  5:57  Gateway  
  73  6:01  Probe  
  78  6:04  Probe  
  78  6:06  Protoss Ground Weapons Level 1  
  78  6:07  Probe  
  78  6:09  Sentry x2  
  84  6:13  Probe  
  84  6:17  Probe  
  84  6:18  Immortal  
  84  6:22  Sentry, Zealot  
  88  6:30  Probe x2  
  94  6:35  Pylon  
  94  6:38  Zealot x2  
  98  6:42  Probe x2  
  98  6:45  Pylon  
  100  6:48  Immortal  
  100  6:49  Pylon  
  100  6:51  Probe  
  100  6:52  Pylon  
  101  6:58  Probe  
  106  7:02  Assimilator  
  106  7:04  Assimilator  
  106  7:05  Dark Templar x2  
  110  7:09  Archon  
  110  7:10  Zealot  
  110  7:13  Stalker  
  110  7:15  Probe x3  
  117  7:20  Pylon  
  117  7:34  Zealot x5  
  127  7:37  Zealot  
  127  7:38  Zealot x2  
  127  7:43  Pylon  
  133  7:45  Pylon  
  131  7:57  Dark Templar x4  
  139  7:58  Zealot  
  139  8:02  Archon x2  
  141  8:08  Zealot x3  
  141  8:11  Observer  
  141  8:24  Zealot  
  133  8:29  Dark Templar x2  
  133  8:30  Zealot x3  
  133  8:33  Zealot, Dark Templar  
Show
View Real Time Build Order
Export as new Build Order

SortOf Zerg 

Build Orders: Hatch First 

Get SALT Encoding   

  12  0:00  Drone  
  13  0:12  Overlord  
  13  0:17  Drone  
  14  0:31  Drone  
  15  0:45  Hatchery  
  15  0:49  Drone  
  15  0:52  Drone  
  15  0:56  Drone  
  17  1:01  Drone  
  18  1:10  Extractor  
  17  1:16  Spawning Pool  
  16  1:21  Drone  
  16  1:23  Drone  
  18  1:33  Drone  
  19  1:44  Drone  
  20  1:50  Hatchery  
  19  1:56  Drone  
  20  2:03  Queen  
  20  2:07  Zergling x2  
  23  2:12  Drone  
  23  2:14  Drone  
  25  2:24  Drone  
  25  2:28  Drone  
  27  2:33  Zergling x2  
  28  2:38  Roach Warren  
  28  2:41  Zergling x2  
  28  2:46  Overlord  
  28  2:52  Overlord  
  28  3:07  Drone x3  
  28  3:11  Drone x4  
  35  3:16  Queen  
  35  3:17  Queen  
  35  3:19  Drone  
  41  3:27  Lair  
  40  3:28  Zergling x2  
  40  3:30  Drone  
  40  3:33  Drone  
  43  3:38  Roach Warren  
  43  3:41  Drone x2  
  44  3:45  Drone x2  
  44  3:48  Overlord  
  46  3:51  Drone  
  48  3:55  Drone x2  
  48  3:56  Drone  
  48  4:00  Extractor x2  
  48  4:07  Spore Crawler, Drone x4  
  50  4:11  Drone  
  50  4:15  Queen  
  50  4:16  Drone x2  
  55  4:24  Roach  
  55  4:29  Overlord  
  57  4:31  Glial Reconstitution  
  57  4:32  Overlord, Overseer  
  57  4:34  Overlord, Overseer  
  57  4:43  Overlord  
  55  4:47  Drone x8  
  55  4:49  Drone  
  63  4:58  Roach x2  
  66  5:02  Roach  
  66  5:03  Roach  
  70  5:11  Roach x2  
  70  5:12  Drone  
  70  5:14  Roach  
  74  5:15  Drone  
  74  5:16  Drone  
  74  5:24  Overlord  
  74  5:25  Roach x3  
  74  5:26  Drone  
  78  5:29  Drone  
  78  5:35  Drone x2  
  81  5:37  Drone  
  81  5:38  Overlord, Extractor  
  81  5:40  Evolution Chamber  
  80  5:44  Drone  
  80  5:49  Roach x2  
  87  5:50  Roach  
  87  5:54  Spore Crawler  
  86  5:57  Queen  
  86  6:01  Drone x2  
  86  6:02  Drone x5  
  93  6:10  Zerg Missile Weapons Level 1  
  91  6:16  Drone x2  
  93  6:22  Drone x7  
  98  6:31  Overlord  
  98  6:37  Extractor  
  98  6:38  Overlord  
  98  6:39  Overlord  
  97  6:40  Infestation Pit  
  97  6:42  Overseer, Extractor  
  97  6:44  Overlord  
  95  6:51  Queen  
  95  6:53  Roach x3  
  103  7:00  Roach x4  
  111  7:04  Drone  
  111  7:05  Drone  
  111  7:06  Drone  
  120  7:08  Roach x3  
  120  7:13  Overlord  
  120  7:28  Overlord x2  
  120  7:31  Swarm Host  
  120  7:32  Swarm Host x2  
  120  7:36  Nydus Network  
  128  7:38  Overlord  
  128  7:42  Overlord  
  128  7:48  Roach x5  
  128  7:50  Overlord  
  136  7:52  Overlord  
  136  7:56  Overlord, Roach  
  136  7:57  Roach x3  
  145  7:58  Ravager x2  
  145  8:01  Ravager x4  
  145  8:02  Roach x2  
  154  8:07  Overlord  
  154  8:10  Roach x4  
  154  8:12  Roach  
  164  8:13  Nydus Canal  
  164  8:17  Roach  
  164  8:18  Roach  
  164  8:19  Roach  
  162  8:20  Roach  
  162  8:25  Roach  
  142  8:28  Roach  
  142  8:32  Roach x3  
Tags
 
Add a new tag
Caveats
  • Supply blocks, unpowered buildings, or Contaminate may cause inaccurate times.
  • Supply counts are checked every 10 seconds.